 Dungeon Crawl Stone Soup version 0.24.0-28-g17ded55e90 (webtiles) character file.

Game seed: 12521424193198175661, levelgen mode: deterministic

2422 Emblim88 the Ducker (level 9, -5/69 HPs)
             Began as a Merfolk Wanderer on Nov 12, 2019.
             Was a Believer of Ru.
             Slain by a killer bee (6 damage)
             ... on level 6 of the Dungeon.
             The game lasted 00:43:20 (9678 turns).

Emblim88 the Ducker (Merfolk Wanderer)              Turns: 9678, Time: 00:43:21

Health: -5/69      AC:  9    Str: 14 (16) XL:     9   Next: 48%
Magic:  13/13      EV: 12    Int: 10 (12) God:    Ru [**....]
Gold:   241        SH:  0    Dex: 14 (15) Spells: 8/8 levels left

rFire    . . .     SeeInvis +   y - +2 hand axe (holy)
rCold    + . .     Gourm    .   (no shield)
rNeg     . . .     Faith    .   D - +2 scale mail {rC+}
rPois    .         Spirit   .   (no helmet)
rElec    .         Reflect  .   (no cloak)
rCorr    .         Harm     .   (no gloves)
MR       .....                  m - +0 pair of boots
Stlth    ..........             F - amulet of regeneration
HPRegen  0.61/turn              q - +3 ring of strength
MPRegen  0.13/turn              J - ring of see invisible

@: lethally poisoned (-5 -> -12), about to teleport, flying
A: change form in water, swift swim, stealthy swim, no stealth, inability to
train armour
a: Renounce Religion


You were on level 6 of the Dungeon.
You worshipped Ru.
Ru was pleased with you.
You were not hungry.

You visited 2 branches of the dungeon, and saw 8 of its levels.
You also visited: Ossuary.

You collected 361 gold pieces.
You spent 120 gold pieces at shops.

Inventory:

Hand Weapons
 a - the cursed +0 glaive "Kuaceuff" {chop, Stlth+}
   (You took it off an orc warrior on level 6 of the Dungeon)

   It inflicts extra damage upon your enemies.
   It makes you more stealthy.
   It has a curse placed upon it.
 c - a +0 shortbow
 w - the +1 hunting sling of Impatience {venom, rC+ Int+4 Dex+3}
   (You found it on level 5 of the Dungeon)

   It poisons the ammo it fires.
   It affects your intelligence (+4).
   It affects your dexterity (+3).
   It protects you from cold.
 y - a +2 hand axe of holy wrath (weapon)
 H - a cursed +0 dagger
 K - a +0 dagger of freezing
Missiles
 d - 106 arrows
 h - 6 boomerangs (quivered)
 i - 4 atropa-tipped darts
 p - 25 poisoned darts
 t - 228 stones
 v - 61 sling bullets
 x - a throwing net
 I - 5 silver boomerangs
Armour
 b - a +0 plate armour
 m - a +0 pair of boots (worn)
 D - a +2 scale mail of cold resistance (worn)
Jewellery
 q - a +3 ring of strength (left hand)
 F - an amulet of regeneration (around neck)
 J - a ring of see invisible (right hand)
Wands
 e - a wand of random effects (12)
 s - a wand of acid (7)
Scrolls
 f - 2 scrolls of enchant armour
 j - 3 scrolls of teleportation
 l - 2 scrolls of random uselessness
 n - 4 scrolls of remove curse
 u - 3 scrolls of amnesia
 B - a scroll of enchant weapon {unknown}
 E - a scroll of magic mapping {unknown}
Potions
 k - a potion of flight
 o - a potion of agility
 r - 4 potions of magic
 z - 5 potions of lignification
 A - 2 potions of degeneration
 C - a potion of ambrosia
 G - a potion of brilliance
Comestibles
 g - 13 rations


   Skills:
 + Level 6.3 Fighting
 - Level 3.1 Axes
 * Level 3.8(3.9) Slings
 - Level 3.1 Bows
 - Level 1.5(3.3) Throwing
 + Level 6.9 Dodging
 + Level 6.2 Evocations


You had 8 spell levels left.
You didn't know any spells.
Your spell library was empty.

Dungeon Overview and Level Annotations

Branches:
Dungeon (7/15)             Temple (1/1) D:6         Ossuary (visited)

Altars:
Ashenzari
Cheibriados
Dithmenos
Elyvilon
Fedhas
Kikubaaqudgha
Makhleb
Nemelex Xobeh
Okawaru
Qazlal
Ru
Sif Muna
Trog
Vehumet
Wu Jian
Xom
Yredelemnul
Zin
The Shining One

Shops:
D:4 ?


Innate Abilities, Weirdness & Mutations

You revert to your normal form in water.
You are very nimble and swift while swimming.
You are very stealthy in the water. (Stealth+)
You cannot be stealthy.
You cannot train Armour skill.


Message History

The killer bee stings you.
* * * LOW HITPOINT WARNING * * *
You are lethally poisoned!
The killer bee poisons you! The killer bee completely misses you.
The killer bee closely misses you.
It was a potion of flight.
You feel very buoyant.
You fly up into the air.
* * * LOW HITPOINT WARNING * * *
You feel sick. The killer bee closely misses you. The killer bee misses you.
The killer bee stings you.
* * * LOW HITPOINT WARNING * * *
The killer bee stings you but does no damage.
The killer bee barely misses you. The killer bee stings you.
* * * LOW HITPOINT WARNING * * *
* * * LOW HITPOINT WARNING * * *
You feel sick. The killer bee stings you.
* * * LOW HITPOINT WARNING * * *
The killer bee stings you.
You die...

##.#.##........[#.# ####..
#.###......>......#######....#
##.#.##.........#..)......####
##.###..⌠...⌠..#[#######....#
#.#.............##.##.####..
#...#.........####†#..##.###
######.##.##.## ##.#.###.# #
#######...#..##.####.......##
#............y@...##.##....####
#.##.##.##...yy...##.##.##.....
#.##.##.##...†.....#.##........
#.##....##.........#.##.##≈....
#.##.##.##.........#.......####
#................#.####.####
####........####.#.####.#
#.#####.[###.>....##.#
#.#####..#...........#


You could see 3 killer bees.

Vanquished Creatures
  Edmund (D:5)
  An orc warrior (D:6)
  An ice beast (D:5)
  A phantom (D:4)
  2 sky beasts (D:6)
  An ogre (D:5)
  Blork the orc (D:6)
  8 scorpions
  2 killer bees
  A howler monkey (D:5)
  3 crimson imps
  3 centaur zombies (Ossuary)
  A hound (D:6)
  3 human zombies (Ossuary)
  A gnoll shaman (D:5)
  A centaur skeleton (D:6)
  3 orc priests
  2 bullfrog skeletons
  Terence (D:2)
  6 orc wizards
  An iguana (D:3)
  6 worker ants
  A big kobold zombie (Ossuary)
  A hound zombie (D:6)
  3 mummies (Ossuary)
  A worker ant zombie (D:5)
  4 gnolls (D:5)
  4 scorpion zombies (Ossuary)
  9 adders
  An ooze (D:1)
  An adder zombie (D:5)
  An adder skeleton (D:4)
  3 worms
  A dart slug (D:4)
  2 leopard geckos
  23 orcs
  2 ball pythons
  5 bats
  7 giant cockroaches
  3 gnoll zombies (Ossuary)
  4 goblins
  5 hobgoblins
  4 jackals
  6 frilled lizards
  2 goblin zombies (Ossuary)
  4 kobolds
  A leopard gecko skeleton (D:4)
  A leopard gecko zombie (D:6)
  2 orc zombies (Ossuary)
  A quokka skeleton (D:4)
  9 rats
161 creatures vanquished.

Vanquished Creatures (others)
  A scorpion (Ossuary)
1 creature vanquished.

Grand Total: 162 creatures vanquished

Notes
Turn   | Place    | Note
-------+----------+-------------------------------------------
     0 | D:1      | Emblim88 the Merfolk Wanderer began the quest for the Orb.
     0 | D:1      | Emblim88 set off with the following items: a +2 dagger, a
                  | potion of berserk rage, a +0 shortbow, 28 arrows, a wand of
                  | random effects (15), a +0 robe, a ration
     0 | D:1      | Reached XP level 1. HP: 18/18 MP: 1/1
   141 | D:1      | Reached XP level 2. HP: 23/24 MP: 2/2
   516 | D:1      | Reached XP level 3. HP: 23/29 MP: 4/4
   958 | D:2      | Noticed Terence
   985 | D:2      | Killed Terence
  1293 | D:2      | Reached XP level 4. HP: 24/35 MP: 5/5
  2462 | D:3      | Reached XP level 5. HP: 19/42 MP: 5/7
  3131 | D:3      | Found a sacrificial altar of Ru.
  3131 | D:3      | Found a radiant altar of Vehumet.
  3142 | D:3      | Became a worshipper of Ru the Awakened
  3939 | D:4      | Found Newuag's Magic Scroll Boutique.
  3942 | D:4      | Bought a scroll of identify for 24 gold pieces
  3942 | D:4      | Bought a scroll of identify for 24 gold pieces
  3942 | D:4      | Bought a scroll of identify for 24 gold pieces
  3942 | D:4      | Bought a scroll of identify for 24 gold pieces
  3942 | D:4      | Bought a scroll of identify for 24 gold pieces
  3987 | D:4      | Found a sand-covered staircase.
  3995 | Ossuary  | Entered an ossuary
  4048 | Ossuary  | Reached XP level 6. HP: 33/48 MP: 8/8
  4490 | Ossuary  | Reached XP level 7. HP: 7/55 MP: 8/10
  4934 | Ossuary  | Reached skill level 1 in Axes
  5697 | D:4      | Reached skill level 5 in Dodging
  5799 | D:3      | Gained mutation: You cannot train Armour skill. [Ru
                  | sacrifice]
  5799 | D:3      | Reached * piety under Ru
  5821 | D:4      | Reached skill level 5 in Evocations
  5821 | D:4      | Reached XP level 8. HP: 56/61 MP: 11/11
  6312 | D:5      | Entered Level 5 of the Dungeon
  6372 | D:5      | Reached skill level 5 in Fighting
  6461 | D:5      | Found a shimmering altar of Xom.
  6469 | D:5      | Got a jewelled hunting sling
  6470 | D:5      | Identified the cursed +1 hunting sling of Impatience
                  | {venom, rC+ Int+4 Dex+3} (You found it on level 5 of the
                  | Dungeon)
  7090 | D:5      | Reached skill level 1 in Slings
  7247 | D:5      | Noticed Edmund
  7301 | D:5      | Killed Edmund
  7473 | D:5      | Found an ornate altar of the Wu Jian Council.
  7749 | D:5      | Reached XP level 9. HP: 69/69 MP: 13/13
  8080 | D:6      | Found a shimmering blue altar of Sif Muna.
  8163 | D:6      | Identified the cursed +0 glaive "Kuaceuff" {chop, Stlth+}
  8660 | D:6      | Found a staircase to the Ecumenical Temple.
  8804 | Temple   | Entered the Ecumenical Temple
  9006 | D:6      | Gained mutation: You cannot be stealthy. [Ru sacrifice]
  9006 | D:6      | Reached ** piety under Ru
  9050 | D:6      | Noticed Blork the orc
  9060 | D:6      | Killed Blork the orc
  9184 | D:6      | Found a snail-covered altar of Cheibriados.
  9275 | D:6      | Found a bloodstained altar of Trog.
  9678 | D:6      | HP: 1/69 [killer bee (3)]
  9678 | D:6      | Slain by a killer bee

Levels and vault maps discovered:
D:1:      denvon_arrival_planthouse, layout_loops_ring
D:2:      layout_basic, st_stairs_6, uniq_terence
D:3:      layout_basic, chequers_temple_overflow_statue_of_worship,
          dk_vineyard_1
D:4:      layout_basic, cheibrodos_sewer_entry_bend, serial_shops,
          kennysheep_mini_moat, nicolae_ossuary_entry_plus
D:5:      layout_loops_corners, old_standard_altar, old_standard_altar,
          first_ration, uniq_edmund
D:6:      minmay_general_purpose_star, layout_loops_cross, lemuel_round_altar,
          nicolae_overflow_hidden_temple, minmay_temple_entry_large_hall,
          uniq_blork_the_orc
D:7:      layout_cave_pods
Temple:   hc_temple_tempest_star

Skill      XL: |  1  2  3  4  5  6  7  8  9 |
---------------+----------------------------+-----
Dodging        | 3 4 5 6 |  6.9
Evocations     | 2 3 4 5 6 |  6.2
Stealth        | 3 4 0 |  0.0
Bows           | 2 3 |  3.1
Fighting       | 4 5 6 |  6.3
Axes           | 1 2 3 |  3.1
Slings         | 2 3 |  3.8
Throwing       | |  1.5

Action                   |  1- 3 |  4- 6 |  7- 9 || total
-------------------------+-------+-------+-------++-------
Melee: Dagger            |    69 |    32 |       ||   101
       War axe           |       |   108 |       ||   108
       Hand axe          |       |   129 |   249 ||   378
       Tailslap          |       |       |     2 ||     2
 Fire: Shortbow          |    44 |    18 |    17 ||    79
       Hunting sling     |       |       |   168 ||   168
Invok: Sacrifice Durabil |       |       |     1 ||     1
       Sacrifice Stealth |       |       |     1 ||     1
Evoke: Wand              |     1 |       |     2 ||     3
  Use: Potion            |     1 |     7 |     6 ||    14
       Scroll            |       |     6 |     8 ||    14
 Stab: Sleeping          |       |       |     3 ||     3
  Eat: Chunk             |       |     6 |     3 ||     9
       Ration            |       |     2 |     4 ||     6
Armor: Robe              |     7 |       |       ||     7
       Chain mail        |    10 |    24 |       ||    34
       Scale mail        |       |    83 |   108 ||   191
       Skin              |       |    10 |       ||    10
Dodge: Dodged            |    54 |   179 |   185 ||   418
